Map: 赛博森林-天梯版

Players

Bly - Winner!

  • Race: Zerg Zerg

EnDerr

  • Race: Zerg Zerg
  • League: Diamond

Event: WESG 2018 Grand Finals

VOD

Have the link to the VOD?

Description

Time

  • Played on: March 12, 2019, 2:27 a.m.
  • Length: 8:51

All games in this series

Show
View Real Time Build Order
Export as new Build Order

Bly Zerg - Winner!

Build Orders: Hatch First 

Get SALT Encoding   

  12  0:02  Drone  
  13  0:12  Overlord  
  13  0:20  Drone  
  14  0:30  Drone x2  
  16  0:49  Hatchery  
  15  1:03  Spawning Pool  
  14  1:06  Drone  
  15  1:12  Drone  
  15  1:13  Drone  
  15  1:17  Drone  
  18  1:21  Extractor  
  17  1:32  Drone  
  19  1:51  Spine Crawler x2, Queen  
  19  1:52  Zergling x4  
  22  1:55  Spine Crawler  
  22  2:00  Zergling x2  
  22  2:13  Overlord  
  22  2:24  Spine Crawler  
  10  2:52  Zergling x2  
  11  3:02  Drone  
  12  3:14  Zergling x2  
  13  3:21  Drone  
  14  3:28  Drone  
  12  3:48  Zergling x2  
  12  3:49  Zergling x4  
  14  3:58  Queen  
  16  4:08  Drone  
  17  4:13  Drone  
  18  4:27  Drone  
  19  4:40  Hatchery  
  18  4:47  Drone x2  
  20  4:55  Drone  
  21  5:08  Drone x2  
  21  5:11  Drone  
  23  5:19  Drone x2  
  25  5:21  Queen  
  27  5:31  Extractor  
  26  5:37  Zergling x2  
  27  5:47  Drone x2  
  29  5:53  Drone  
  29  5:54  Queen, Drone x3  
  34  6:20  Drone x2  
  34  6:24  Overlord  
  36  6:26  Overlord  
  36  6:29  Overlord  
  36  6:33  Overlord  
  36  6:36  Overlord x2  
  36  6:40  Overlord  
  36  6:49  Drone x3  
  36  6:52  Metabolic Boost  
  38  7:03  Drone x4  
  38  7:04  Drone  
  42  7:09  Drone x3  
  45  7:22  Zergling x4, Hatchery  
  46  7:24  Zergling x2  
  46  7:27  Zergling x4  
  49  7:30  Zergling x2  
  50  7:38  Extractor  
  50  7:39  Zergling x4  
  50  7:41  Roach Warren  
  50  7:58  Zergling x16  
  58  8:05  Overlord  
  58  8:17  Drone x4  
  61  8:25  Roach x4  
  69  8:29  Roach  
Show
View Real Time Build Order
Export as new Build Order

EnDerr Zerg 

Build Orders: Pool First 

Get SALT Encoding   

  12  0:18  Spawning Pool  
  11  0:22  Drone  
  11  0:27  Drone  
  13  0:32  Drone  
  14  0:42  Overlord  
  14  1:05  Zergling x6  
  17  1:16  Zergling x2  
  18  1:28  Zergling x2  
  19  1:39  Zergling x2  
  20  1:51  Zergling x2  
  20  1:53  Spine Crawler  
  20  2:02  Spine Crawler  
  19  2:15  Zergling x2  
  19  2:38  Zergling x2  
  10  3:05  Zergling x2  
  9  3:24  Drone  
  10  3:47  Drone  
  9  4:00  Drone  
  9  4:09  Drone  
  10  4:23  Queen  
  12  4:29  Drone  
  13  4:35  Zergling x2  
  14  4:39  Zergling x2  
  14  4:45  Zergling x2  
  16  4:54  Zergling x2  
  17  5:12  Drone  
  18  5:22  Drone  
  18  5:25  Drone  
  20  5:30  Drone x2  
  22  5:43  Hatchery  
  22  5:49  Overlord  
  21  5:57  Drone  
  21  6:01  Drone  
  22  6:07  Drone x3  
  22  6:19  Drone x2  
  22  6:22  Extractor  
  23  6:34  Drone x3  
  23  6:36  Queen  
  28  6:43  Overlord  
  28  6:53  Drone x2  
  30  7:00  Drone x2  
  32  7:06  Drone  
  33  7:08  Drone x3  
  33  7:13  Queen  
  38  7:18  Zergling x2  
  38  7:21  Overlord  
  39  7:29  Lair  
  39  7:30  Drone  
  39  7:33  Drone  
  41  7:39  Extractor  
  41  7:41  Evolution Chamber  
  40  7:44  Drone  
  40  7:45  Drone x3  
  43  7:54  Drone x2  
  43  7:55  Drone  
  43  7:57  Drone  
  47  7:58  Extractor  
  47  8:03  Evolution Chamber  
  47  8:04  Roach Warren  
  44  8:07  Queen  
  46  8:17  Zergling x4  
  48  8:20  Spore Crawler  
  48  8:24  Evolution Chamber  
  48  8:25  Evolution Chamber  
  45  8:32  Spore Crawler  
Tags
 
Add a new tag
Caveats
  • Supply blocks, unpowered buildings, or Contaminate may cause inaccurate times.
  • Supply counts are checked every 10 seconds.